 Dungeon Crawl Stone Soup version 0.17-a0-1550-g78a4890 (console) character file.

127 Monkaria the Poker (level 4, -6/42 HPs)
             Began as a Minotaur Berserker on July 19, 2015.
             Was a Believer of Trog.
             Mangled by a worker ant (7 damage)
             ... on level 4 of the Dungeon.
             The game lasted 00:02:00 (1734 turns).

Monkaria the Poker (Minotaur Berserker)             Turns: 1734, Time: 00:02:01

Health: -6/42      AC:  2    Str: 23    XL:     4   Next: 85%
Magic:  3/3        EV: 12    Int:  4    God:    Trog [**....]
Gold:   116        SH:  0    Dex:  9    Spells: 0 memorised, 3 levels left

rFire  . . .     SeeInvis .     a - +0 spear
rCold  . . .     Clarity  .     b - +0 animal skin
rNeg   . . .     SustAt   .     (no shield)
rPois  .         Gourm    .     (helmet restricted)
rElec  .         Spirit   .     (no cloak)
rCorr  .         Warding  .     (no gloves)
rMut   .         Stasis   .     (no boots)
MR     ++...                    (no amulet)
Stlth  +.........               (no ring)
                                (no ring)

@: lethally poisoned (-6 -> -8), regenerating, invisible, very resistant to
hostile enchantments, very unstealthy
A: retaliatory headbutt, horns 2
a: Burn Spellbooks, Berserk, Trog's Hand, Renounce Religion


You were on level 4 of the Dungeon.
You worshipped Trog.
Trog was pleased with you.
You were near starving.

You visited 1 branch of the dungeon, and saw 4 of its levels.

You collected 116 gold pieces.

Inventory:

Hand weapons
 a - a +0 spear (weapon)
Armour
 b - a +0 animal skin (worn)
Jewellery
 g - a +3 ring of evasion {unknown}
Magical devices
 u - a wand of slowing (11)
Scrolls
 d - 4 scrolls of random uselessness {unknown}
 h - 4 scrolls of enchant weapon {unknown}
 k - 2 scrolls of blinking {unknown}
 l - 2 scrolls of identify {unknown}
 o - 3 scrolls of remove curse {unknown}
 t - 2 scrolls of teleportation {unknown}
 v - a scroll of immolation {unknown}
Potions
 e - a potion of lignification {unknown}
 i - a potion of agility {unknown}
 j - a potion of invisibility
 n - a potion of brilliance {unknown}
 q - 2 potions of curing {unknown}
 r - 2 potions of poison {unknown}
Books
 s - a book of Beasts

   Spells                             Type                      Level
   a - Summon Butterflies             Summoning                    1
   b - Call Canine Familiar           Summoning                    3
   c - Summon Ice Beast               Ice/Summoning                4
   d - Summon Mana Viper              Hexes/Summoning              5
   e - Summon Hydra                   Summoning                    7
   Trog disapproves of the use of such an item.
Comestibles
 c - 2 bread rations
 f - 7 fruits
 m - a meat ration
 p - a slice of pizza


   Skills:
 - Level 5.0 Fighting
 + Level 5.8 Polearms
 - Level 2.4 Armour
 - Level 2.1 Dodging


You had 3 spell levels left.
You didn't know any spells.

Dungeon Overview and Level Annotations

Branches:
Dungeon (4/15)
 Temple: D:4-7

Altars:
Ashenzari
Elyvilon


Innate Abilities, Weirdness & Mutations

You reflexively headbutt those who attack you in melee.
You have a pair of horns on your head.


Message History

You kill the worker ant!
Trog accepts your kill.
You feel sick.
You feel sick.
You feel sick.
You feel sick.
You closely miss the worker ant.
You feel sick. The worker ant barely misses you.
You hit the worker ant.
The worker ant is moderately wounded.
You feel sick. The worker ant bites you.
* * * LOW HITPOINT WARNING * * *
You are lethally poisoned!
The worker ant poisons you!
Drink which item? (? for menu, Esc to quit)
It was a potion of invisibility.
You fade into invisibility!
* * * LOW HITPOINT WARNING * * *
You feel sick. The worker ant bites you!
You die...

.. .. .# !. #.# .. .# ...
...# #. ####.##..#.
...≈≈#. #........._
.♣r.≈#. #........#.
.......######..........
..♣._.♣...#.........##....
..........a.##.####.......
#≈..♣..≈#.#@##.# ......
≈≈... #...##.# ##.#.#
#...###...##.###.##.# #
#...#.##.........# #
#.................
##.....##.#.......
#.##.............
#####.######.........
#.......###..........#


You could see a worker ant and a neutral quokka (wandering).

Vanquished Creatures
  A centaur skeleton (D:4)
  A worker ant (D:4)
  3 adders (D:2)
  An adder skeleton (D:4)
  3 worms (D:2)
  2 giant geckos (D:1)
  3 orcs (D:3)
  2 giant cockroaches
  7 goblins
  5 hobgoblins
  9 kobolds
  2 bats (D:1)
  2 giant newts
  8 rats
49 creatures vanquished.

Notes
Turn   | Place    | Note
--------------------------------------------------------------
     0 | D:1      | Monkaria the Minotaur Berserker began the quest for the Orb.
     0 | D:1      | Reached XP level 1. HP: 19/19 MP: 0/0
    61 | D:1      | Reached skill level 4 in Fighting
    99 | D:1      | Reached XP level 2. HP: 24/27 MP: 1/1
   562 | D:2      | Reached skill level 5 in Fighting
   575 | D:2      | Acquired Trog's second power
   581 | D:2      | Reached XP level 3. HP: 27/36 MP: 2/2
   728 | D:2      | Found a faded altar to an unknown god.
  1091 | D:2      | Reached XP level 4. HP: 36/42 MP: 3/3
  1434 | D:3      | Reached skill level 5 in Polearms
  1685 | D:4      | Found a white marble altar of Elyvilon.
  1706 | D:4      | Found a shattered altar of Ashenzari.
  1733 | D:4      | HP: 1/42 [worker ant (6)]
  1734 | D:4      | Mangled by a worker ant

Vault maps used:
D:1:      lemuel_arrival_behind_the_door_small
D:2:      ecumenical_altar_2
D:3:      overflow_temple_1_default
D:4:      elyvilon_altar_4, lemuel_coloured_pillars_altar, lemuel_crystal_altar,
          first_bread

Action                   |  1- 3 |  4- 6 || total
-------------------------+-------+-------++-------
Melee: Spear             |    91 |    54 ||   145
Invok: Trog's Hand       |       |     1 ||     1
  Use: Potion            |       |     1 ||     1
 Stab: Sleeping          |     1 |       ||     1
  Eat: Chunk             |       |     1 ||     1
